 Dungeon Crawl Stone Soup version 0.31-a0-1237-gabc64e778c (webtiles) character file.

Game seed: 4544637846007310095

2919 MackTheKnife the Basher (level 9, -6/74 HPs)
             Began as an Armataur Artificer on Dec 15, 2023.
             Was an Initiate of Ru.
             Mangled by a hornet (10 damage)
             ... while paralysed by a hornet
             ... on level 7 of the Dungeon.
             The game lasted 00:10:01 (6967 turns).

MackTheKnife the Basher (Armataur Artificer)        Turns: 6967, Time: 00:10:01

Health: -6/74      AC: 17    Str: 19    XL:     9   Next: 50%
Magic:  9/9        EV:  1    Int: 13    God:    Ru [......]
Gold:   249        SH:  0    Dex: 11    Spells: 8/8 levels left

rFire   . . .        m - +1 demon whip (heavy) {mace}
rCold   . . .        (no shield)
rNeg    . . .        k - +6 ring mail of Impish Salvation {Int+2 Dex-3 Stlth+}
rPois   .            u - +1 helmet
rElec   .            (no cloak)
rCorr   .            o - +2 pair of gloves
SInv    +            (no barding)
Will    .....        (no amulet) Stlth
                     h - +5 ring of evasion
HPRegen 0.32/turn    b - ring of see invisible
MPRegen 0.11/turn

%: roll
@: paralysed, lethally poisoned (-6 -> -20), marked, slowed
A: large, deformed body, tough skin 3, no stealth, armoured tail, roll 2, long
tongue
a: Renounce Religion


You were on level 7 of the Dungeon.
You worshipped Ru.
Ru was noncommittal.
You visited 2 branches of the dungeon, and saw 9 of its levels.

You collected 249 gold pieces.


Innate Abilities, Weirdness & Mutations

Armour fits poorly on your strangely shaped body.
You have extremely tough skin. (AC +3)
You cannot be stealthy.
You have a long armoured tail.
You roll and regenerate health when moving toward enemies. (Rampage Heal)
Your long tongue fully drains potion bottles. (2x potion effects)


   Skills:
 + Level 7.9 Fighting
 + Level 9.1 Maces & Flails
 - Level 2.4 Armour
 - Level 0.6 Dodging
 - Level 3.0 Evocations


You had 8 spell levels left.
You didn't know any spells.
Your spell library contained the following spells:

 Spells                   Type           Power      Damage    Failure   Level
 Blink                    Tloc           0%         N/A       61%         2
 Lesser Beckoning         Tloc           0%         N/A       61%         2
 Momentum Strike          Conj/Tloc      0%         3d8       61%         2

Inventory:

Hand Weapons
 l - a +2 short sword of venom {short}
   (You took it off a kobold on level 2 of the Dungeon)
 m - a +1 heavy demon whip (weapon) {mace}
   (You took it off a hobgoblin on level 2 of the Dungeon)
Missiles
 g - 4 curare-tipped darts {=fthrowing}
Armour
 k - the +6 ring mail of Impish Salvation (worn) {Int+2 Dex-3 Stlth+}
   (You found it on level 2 of the Dungeon)

   Int+2:     It affects your intelligence (+2).
   Dex-3:     It affects your dexterity (-3).
   Stlth+:    It makes you more stealthy.
 o - a +2 pair of gloves (worn)
   (You found it on level 3 of the Dungeon)
 u - a +1 helmet (worn)
   (You found it on level 5 of the Dungeon)
 v - +2 swamp dragon scales
   (You took it off Maggie on level 7 of the Dungeon)
Jewellery
 b - a ring of see invisible (right hand)
   (You found it on level 3 of the Dungeon)
 h - a +5 ring of evasion (left hand)
   (You found it on level 2 of the Dungeon)
Wands
 c - a wand of flame (4) (quivered)
 d - a wand of charming (13)
 e - a wand of iceblast (2)
Scrolls
 i - 2 scrolls of fog
 j - 3 scrolls of teleportation {@r4}
 r - a scroll of fear
Potions
 a - 3 potions of curing {@q1}
 f - a potion of mutation {!q}
 n - a potion of might
 p - 2 potions of heal wounds {@q2}
 q - a potion of magic
 s - a potion of lignification {unknown}
 t - a potion of enlightenment {unknown}

Dungeon Overview and Level Annotations

Branches:
Dungeon (8/15) Zot: 26861  Temple (1/1) D:4 Zot: 5973
   Lair: D:8-11

Altars:
Ashenzari
Dithmenos
Hepliaklqana
Makhleb
Nemelex Xobeh
Qazlal
Ru
Sif Muna
Uskayaw
Xom
Yredelemnul
Zin

Annotations:
D:3 Sigmund
D:4 Dowan, Duvessa
D:5 exclusion: upstairs

####.######.#.#
#........#.#
##########.# #.#
#############.#
#....(......#.#
#.######.###..######
#.# ###.## ##......# #
#.# #@y.# #....#.###
#.# #o#.## ##..#.#.##.
#.###.##.###.........#
#......##......###.##.
#.........##.......###
##.##..######.###### #
#.##..# #.# #.....#
##+## #.###.# ##...##


You could see a hornet and an orc.


Message History

😎 HP[+1]
You now have 74 max hp (+1).
Your hp is fully restored (74).
You roll towards the orc warrior!
You roll towards the orc warrior!
You hit the orc warrior but do no damage.
You tail-slap the orc warrior. The orc warrior closely misses you.
You thrash the orc warrior!! The orc warrior completely misses you.
You closely miss the orc warrior. You tail-slap the orc warrior.
The orc warrior hits you with a +1 trident of pain.
You writhe in agony. 😕 HP[-4]
You take 4 damage, and now have 70/74 hp.
You closely miss the orc warrior.
The orc warrior barely misses you. 😕 HP[+2]
You regained 2 hp, and now have 72/74 hp.
You thrash the orc warrior!!
You kill the orc warrior! 😎 HP[+2]
Your hp is fully restored (74).
Things that are here:
a +1 trident of pain {polearm}; a +0 plate armour; an orc corpse
Found an escape hatch in the ceiling.
Found a stone staircase leading down.
A malevolent force fills the Dungeon...
With a horrendous wail, an alarm goes off!
A sentinel's mark forms upon you.
You hear a shout! x7; You hear an angry buzzing noise.
You hear a shout! x4
You hear a bellow! x5; You hear a shout! x2
An orc comes into view. It is wielding a +0 mace.
You hear a shout!
Unknown command.
Unknown command.
A kobold brigand comes into view.
It is wielding a +0 whip and quivering poisoned darts.
Found a stone staircase leading up.
The kobold brigand closely misses you.
You whack the kobold brigand!
The kobold brigand hits you with a +0 whip. 😕 HP[-4]
You take 4 damage, and now have 70/74 hp.
You whack the kobold brigand!
You kill the kobold brigand!
An orc comes into view. It is wielding a +0 flail.
Things that are here:
a +0 whip {mace}; 6 poisoned darts {throwing}; a kobold corpse 😕 HP[+1]
A hornet comes into view. 😕 HP[+1]
The hornet attacks as it pursues you! The hornet stings you.
You are poisoned.
You suddenly lose the ability to move!
You feel very sick. The hornet stings you!
You feel yourself slow down. The orc hits you but does no damage.
You feel sick. The hornet stings you!
You are more poisoned.
You feel as though you will be slow longer.
The orc hits you but does no damage.
The hornet stings you but does no damage.
You can move again. 😮 HP[-33]
You take 33 damage, and now have 39/74 hp.
MASSIVE DAMAGE!! (PAUSE)
You feel very sick. The hornet completely misses you.
The hornet barely misses you. The orc hits you with a +0 flail!
* * * LOW HITPOINT WARNING * * *
There is a stone staircase leading up here. 😨 HP[-13]
You take 13 damage, and now have 26/74 hp.
Unknown command.
You feel very sick. The hornet closely misses you. x3
You climb upwards.
You feel very sick.
There is a stone staircase leading down here. 😨 HP[-7]
You take 7 damage, and now have 19/74 hp.
Unknown command.
Unknown command.
You feel better.
You slurp down every last drop of the potion of curing {@q1}!
The hornet stings you.
* * * LOW HITPOINT WARNING * * *
You are poisoned.
You suddenly lose the ability to move!
The orc barely misses you. The hornet stings you!
* * * LOW HITPOINT WARNING * * *
You feel as though you will be slow longer.
The orc hits you with a +0 flail!
* * * LOW HITPOINT WARNING * * *
You feel very sick. The hornet stings you.
* * * LOW HITPOINT WARNING * * *
You are lethally poisoned!
You feel as though you will be slow longer.
The orc hits you but does no damage.
* * * LOW HITPOINT WARNING * * *
You feel very sick. The hornet stings you!
You die...

Skill      XL: |  1  2  3  4  5  6  7  8  9 |
---------------+----------------------------+-----
Fighting       | 1 2 3 4 6 7 |  7.9
Maces & Flails | 1 3 5 6 8 9 |  9.1
Stealth        | 0 |  0.0
Armour         | |  2.4
Dodging        | |  0.6
Evocations     | |  3.0

Action                     |  1- 3 |  4- 6 |  7- 9 || total
---------------------------+-------+-------+-------++-------
  Melee: Club              |    50 |       |       ||    50
         Tailslap          |    11 |    21 |    15 ||    47
         Short sword       |    60 |   200 |    17 ||   277
         Spear             |    26 |       |       ||    26
         Punch             |     1 |     4 |     1 ||     6
         Demon whip        |       |       |   137 ||   137
 Invoke: Sacrifice Stealth |       |       |     1 ||     1
  Evoke: Wand              |     8 |     3 |     8 ||    19
    Use: Scroll            |       |    11 |    12 ||    23
         Potion            |       |       |     2 ||     2
   Stab: Sleeping          |     4 |     7 |     2 ||    13
         Distracted        |       |       |     1 ||     1
 Armour: Leather armour    |    96 |    21 |       ||   117
         Ring mail         |       |    87 |   125 ||   212
  Dodge: Dodged            |    68 |   116 |   106 ||   290

Levels and vault maps discovered:
D:1:      minmay_arrival_jagged, layout_basic,
          shapermc_ecumenical_altar_flowoftime, minmay_misc_feat_encased
D:2:      minmay_alternating_diamond, layout_basic, mrwooster_statue_mirror
D:3:      layout_loops_cross, hangedman_glass_teeth, uniq_sigmund
D:4:      layout_loops_corners, zin_scriptorium,
          minmay_temple_entry_sparse_star, uniq_duvessa
D:5:      layout_loops_ring
D:6:      layout_basic, hangedman_feature_mirror, minivault_19, st_stairs_10,
          minivault_24, kennysheep_boxes
D:7:      layout_loops_corners, grunt_qazlal_clouds, uniq_maggie
D:8:      layout_basic, dpeg_lair_monsters, minmay_shop_damaged,
          minmay_fractal_squares_gapless_5
Temple:   hellmonk_temple_beads

Notes
Turn   | Place    | Note
-------+----------+-------------------------------------------
     0 | D:1      | MackTheKnife the Armataur Artificer began the quest for the
                  | Orb.
     0 | D:1      | Reached XP level 1. HP: 14/14 MP: 1/1
     0 | D:1      | magus.rc [v1.9.6]
    42 | D:1      | Reached skill level 1 in Fighting
   249 | D:1      | Reached XP level 2. HP: 22/22 MP: 2/2
   279 | D:1      | Reached skill level 2 in Fighting
   586 | D:1      | Found a faded altar of an unknown god.
  1235 | D:1      | Reached XP level 3. HP: 18/28 MP: 3/3
  1321 | D:2      | Reached skill level 3 in Fighting
  1580 | D:2      | Reached XP level 4. HP: 34/35 MP: 4/4
  1628 | D:2      | HP: 9/37 [poisoned by an adder]
  2048 | D:2      | Identified the +6 ring mail of Impish Salvation {Int+2
                  | Dex-3 Stlth+}
  2404 | D:3      | Reached skill level 4 in Fighting
  2627 | D:3      | Noticed Sigmund
  2843 | D:4      | Reached skill level 1 in Maces & Flails
  2850 | D:4      | Noticed Duvessa
  2851 | D:4      | Reached XP level 5. HP: 42/42 MP: 5/5
  2905 | D:4      | Noticed a phantom
  2936 | D:4      | Killed a phantom
  2937 | D:4      | Reached skill level 3 in Maces & Flails
  3190 | D:4      | Found a staircase to the Ecumenical Temple.
  3253 | D:4      | Reached XP level 6. HP: 47/48 MP: 6/6
  3269 | Temple   | Entered the Ecumenical Temple
  3282 | Temple   | Became a worshipper of Ru the Awakened
  3482 | D:4      | Reached skill level 4 in Maces & Flails
  3735 | D:4      | Noticed Dowan
  3761 | D:4      | Found a glowing silver altar of Zin.
  3838 | D:5      | Entered Level 5 of the Dungeon
  3914 | D:5      | Reached skill level 5 in Maces & Flails
  3936 | D:5      | Gained mutation: You roll and regenerate health when moving
                  | toward enemies. (Rampage Heal) [Armataur growth]
  3936 | D:5      | Reached XP level 7. HP: 54/54 MP: 7/7
  4114 | D:5      | Reached skill level 6 in Maces & Flails
  4527 | D:5      | Gained mutation: You cannot be stealthy. [Ru sacrifice]
  4527 | D:5      | Reduced skill Stealth to level 0
  4534 | D:5      | Reached XP level 8. HP: 55/61 MP: 8/8
  4538 | D:5      | Reached skill level 5 in Fighting
  4701 | D:6      | Reached skill level 7 in Maces & Flails
  4790 | D:6      | You pick up a book of Spatial Translocations and begin
                  | reading...
  4790 | D:6      | You add the spells Blink, Momentum Strike and Lesser
                  | Beckoning to your library.
  4926 | D:6      | Reached skill level 6 in Fighting
  5278 | D:6      | Found a shimmering blue altar of Sif Muna.
  5381 | D:6      | Reached skill level 8 in Maces & Flails
  5479 | D:6      | Reached XP level 9. HP: 62/71 MP: 9/9
  5483 | D:6      | Reached skill level 7 in Fighting
  5520 | D:6      | Found a shimmering blue altar of Sif Muna.
  5922 | D:7      | Paralysed by a hornet for 2 turns
  6116 | D:7      | Found a stormy altar of Qazlal.
  6707 | D:7      | Noticed Maggie
  6714 | D:7      | Killed Maggie
  6715 | D:7      | Reached skill level 9 in Maces & Flails
  6959 | D:8      | Paralysed by a hornet for 3 turns
  6965 | D:7      | Paralysed by a hornet for 3 turns
  6965 | D:7      | HP: 18/74 [orc/+0 flail (8)]
  6967 | D:7      | HP: 4/74 [poisoned by a hornet]
  6967 | D:7      | Mangled by a hornet

Vanquished Creatures
  Maggie (D:7)
  A hornet (D:7)
  2 ice beasts
  2 orc warriors
  A sky beast (D:6)
  A black bear (D:6)
  2 ogres
  A centaur (D:5)
  2 phantoms
  2 bullfrogs
  A kobold brigand (D:8)
  3 scorpions
  4 wights (D:6)
  2 jellies (D:6)
  6 hounds
  4 orc priests
  4 sleepcaps
  5 iguanas
  2 orc wizards (D:5)
  3 gnolls (D:6)
  10 adders
  A white imp (D:7)
  2 worms
  3 dart slugs
  14 orcs
  6 endoplasms
  5 giant cockroaches
  5 hobgoblins
  4 jackals (D:4)
  7 quokkas
  9 ball pythons
  8 bats
  7 goblins
  8 kobolds
  6 rats
144 creatures vanquished.

Vanquished Creatures (collateral kills)
  An ogre (D:5)
  An orc priest (D:6)
  An orc (D:5)
3 creatures vanquished.

Vanquished Creatures (others)
  A hound (D:4)
1 creature vanquished.

Grand Total: 148 creatures vanquished

Table legend:
 A = Non-vault XP
 B = Vault XP
 C = Vault XP percentage of total XP
 D = Non-vault monster count
 E = Vault monster count
 F = Vault count percentage of total count
                 A         B        C        D         E       F
            +---------+---------+-------+---------+---------+-------
      Total |    3400 |     771 |  18.5 |     134 |      13 |   8.8
            +---------+---------+-------+---------+---------+-------
        D:1 |      52 |       0 |   0.0 |      22 |       0 |   0.0
        D:2 |      54 |      21 |  28.0 |      16 |       6 |  27.3
        D:3 |      24 |       0 |   0.0 |      12 |       0 |   0.0
        D:4 |     387 |       0 |   0.0 |      26 |       0 |   0.0
        D:5 |    1010 |       0 |   0.0 |      24 |       0 |   0.0
        D:6 |    1096 |     341 |  23.7 |      21 |       6 |  22.2
        D:7 |     469 |     409 |  46.6 |       6 |       1 |  14.3
        D:8 |     308 |       0 |   0.0 |       7 |       0 |   0.0
            +---------+---------+-------+---------+---------+-------

Skill      XL: |  1  2  3  4  5  6  7  8  9 |
---------------+----------------------------+-----
Fighting       | 1 2 3 4 6 7 |  7.9
Maces & Flails | 1 3 5 6 8 9 |  9.1
Stealth        | 0 |  0.0
Armour         | |  2.4
Dodging        | |  0.6
Evocations     | |  3.0

Action                     |  1- 3 |  4- 6 |  7- 9 || total
---------------------------+-------+-------+-------++-------
  Melee: Club              |    50 |       |       ||    50
         Tailslap          |    11 |    21 |    15 ||    47
         Short sword       |    60 |   200 |    17 ||   277
         Spear             |    26 |       |       ||    26
         Punch             |     1 |     4 |     1 ||     6
         Demon whip        |       |       |   137 ||   137
 Invoke: Sacrifice Stealth |       |       |     1 ||     1
  Evoke: Wand              |     8 |     3 |     8 ||    19
    Use: Scroll            |       |    11 |    12 ||    23
         Potion            |       |       |     2 ||     2
   Stab: Sleeping          |     4 |     7 |     2 ||    13
         Distracted        |       |       |     1 ||     1
 Armour: Leather armour    |    96 |    21 |       ||   117
         Ring mail         |       |    87 |   125 ||   212
  Dodge: Dodged            |    68 |   116 |   106 ||   290

Illustrated notes

Table legend:
 A = Kills in this place as a percentage of kills in the entire game.
 B = Kills by you in this place as a percentage of kills by you in the entire game.
 C = Kills by friends in this place as a percentage of kills by friends in the entire game.
 D = Other kills in this place as a percentage of other kills in the entire game.
 E = Experience gained in this place as a percentage of experience gained in the entire game.
 F = Experience gained in this place divided by the number of levels of this place that you have seen.
                   A       B       C       D       E      F
               +-------+-------+-------+-------+-------+----------------------
         Total | 100.0 | 100.0 | 100.0 |   N/A | 100.0 | 463.4
       Dungeon | 100.0 | 100.0 | 100.0 |   N/A | 100.0 | 521.4
               +-------+-------+-------+-------+-------+----------------------

Table legend: (Time is in decaauts)
 A = Elapsed time spent in this place.
 B = Non-inter-level travel time spent in this place.
 C = Inter-level travel time spent in this place.
 D = Time resting spent in this place.
 E = Time spent auto-exploring this place.
 F = Levels seen in this place.
 G = Mean time per level.
                   A        B        C        D        E       F      G
               +--------+--------+--------+--------+--------+-----+--------+
         Total |   7003 |   6610 |    393 |   1031 |   4200 |   9 |  778.1 |
       Dungeon |   6976 |   6608 |    368 |   1031 |   4200 |   8 |  872.0 |
        Temple |     26 |      1 |     25 |      0 |      0 |   1 |   26.0 |
               +--------+--------+--------+--------+--------+-----+--------+

Top non-repeatable levels by time:
     D:1: 1330 daAuts
     D:5: 1056 daAuts
     D:6: 981 daAuts
     D:7: 978 daAuts
     D:4: 976 daAuts
     D:2: 884 daAuts
     D:3: 637 daAuts
     D:8: 132 daAuts
  Temple: 26 daAuts
